 Dungeon Crawl Stone Soup version 0.29.1-15-g9cfb28693d (webtiles) character file.

Game seed: 845249043656519262

535 tizbic2 the Cudgeller (level 7, -6/67 HPs)
             Began as an Ogre Ice Elementalist on Apr 22, 2023.
             Killed by divine providence
             ... invoked by an orc priest
              (11 damage)
             ... on level 4 of the Dungeon.
             The game lasted 00:13:39 (4699 turns).

tizbic2 the Cudgeller (Ogre Ice Elementalist)       Turns: 4699, Time: 00:13:40

Health: -6/67      AC:  5    Str: 13    XL:     7   Next: 25%
Magic:  3/13       EV:  9    Int: 18    God:
Gold:   191        SH:  0    Dex:  9    Spells: 6/15 levels left

rFire   + . .      SeeInvis .   a - +0 club
rCold   + . .      Faith    .   (no shield)
rNeg    + . .      Spirit   .   g - +0 robe
rPois   +          Reflect  .   s - +1 hat
rElec   +          Harm     .   k - +0 cloak
rCorr   +          Rampage  .   (gloves unavailable)
Will    .....                   (boots unavailable)
Stlth   +.........              u - amulet of regeneration
HPRegen 1.01/turn               c - ring of positive energy
MPRegen 0.13/turn               j - ring of wizardry

@: resistant
A: large, unfitting armour, tough skin 1
a: no special abilities


You were on level 4 of the Dungeon.
You visited 1 branch of the dungeon, and saw 4 of its levels.

You collected 191 gold pieces.

Inventory:

Hand Weapons
 a - a +0 club (weapon)
 e - a +0 whip
 q - a +0 hand axe
 w - a +0 sling
Missiles
 h - 9 poisoned darts
 l - 3 javelins
 p - 57 stones
Armour
 g - a +0 robe (worn)
 k - a +0 cloak (worn)
 s - a +1 hat (worn)
Jewellery
 c - a ring of positive energy (left hand)
 j - a ring of wizardry (right hand)
 u - an amulet of regeneration (around neck)
 x - a ring of fire
Wands
 t - a wand of polymorph (10)
Scrolls
 f - a scroll of enchant weapon {unknown}
 n - a scroll of teleportation {unknown}
 o - 2 scrolls of butterflies
 r - 2 scrolls of identify
 y - a scroll of amnesia {unknown}
Potions
 b - 2 potions of magic
 d - a potion of brilliance
 i - a potion of flight
 m - a potion of mutation {unknown}
 v - a potion of resistance
 z - a potion of curing {unknown}


   Skills:
 + Level 3.0 Fighting
 * Level 5.2 Maces & Flails
 - Level 1.7 Dodging
 - Level 1.4 Stealth
 + Level 4.6 Spellcasting
 - Level 3.6 Ice Magic


You had 6 spell levels left.
You knew the following spells:

 Your Spells              Type           Power      Damage    Failure   Level
a - Freeze                Ice            68%        1d8       1%          1
b - Ozocubu's Armour      Ice            17%        N/A       4%          3
c - Hailstorm             Conj/Ice       10%        3d5       26%         4
d - Sandblast             Erth           8%         2d5       6%          1

Your spell library contained the following spells:

 Spells                   Type           Power      Damage    Failure   Level
 Frozen Ramparts          Ice            34%        1d6       4%          3
 Passwall                 Tmut/Erth      3%         N/A       9%          2
 Stone Arrow              Conj/Erth      8%         3d7       16%         3


Dungeon Overview and Level Annotations

Branches:
Dungeon (4/15)
 Temple: D:4-7

Altars:
Ashenzari
Nemelex Xobeh
Yredelemnul


Innate Abilities, Weirdness & Mutations

You are too large for most types of armour.
You have tough skin. (AC +1)


Message History

You are no longer poisoned.
The kobold closely misses you.
The orc priest looks braver for a moment.
You closely miss the kobold. Your punch misses the kobold.
The kobold barely misses you.
You hit the kobold.
You kill the kobold!
The orc priest invokes the aid of Beogh against you.
Pain shoots through your body!
The hobgoblin hits you but does no damage.
The orc priest mumbles some strange prayers to Beogh against you.
Beogh smites you!
* * * LOW HITPOINT WARNING * * *
You hit the hobgoblin.
The hobgoblin is moderately wounded.
Your icy armour starts to melt.
The orc priest casts a cantrip, but nothing happens.
The hobgoblin hits you but does no damage.
You barely miss the hobgoblin.
The hobgoblin is moderately wounded.
The hobgoblin hits you.
* * * LOW HITPOINT WARNING * * *
You hit the hobgoblin.
The hobgoblin is almost dead.
The hobgoblin hits you.
* * * LOW HITPOINT WARNING * * *
You hit the hobgoblin.
You kill the hobgoblin!
You hit the orc but do no damage. The orc hits you but does no damage.
The orc priest invokes the aid of Beogh against you.
Beogh smites you!
* * * LOW HITPOINT WARNING * * *
Unknown command.
It was a potion of resistance.
You feel protected.
Your icy armour evaporates.
The orc hits you with a +0 club.
* * * LOW HITPOINT WARNING * * *
The orc priest invokes the aid of Beogh against you.
Beogh smites you!
You die...

#. #. #. #. ###. ...
...###.##################
......oo@...........)....
.#.....##################
#..... ....... [......
....... ...$... .......


You could see an orc priest and an orc.

Vanquished Creatures
  Sigmund (D:3)
  An ice beast (D:3)
  A hound (D:4)
  An orc priest (D:4)
  Natasha (thrice) (D:3)
  An orc wizard (D:4)
  6 adders
  2 worms
  A dart slug (D:2)
  6 ball pythons
  4 bats
  11 endoplasms
  2 giant cockroaches
  6 goblins
  7 hobgoblins
  3 jackals (D:4)
  14 kobolds
  3 quokkas
  3 frilled lizards
  6 rats
82 creatures vanquished.

Vanquished Creatures (others)
  8 plants (D:2)
8 creatures vanquished.

Grand Total: 90 creatures vanquished

Notes
Turn   | Place    | Note
-------+----------+-------------------------------------------
     0 | D:1      | tizbic2 the Ogre Ice Elementalist began the quest for the
                  | Orb.
     0 | D:1      | Reached XP level 1. HP: 16/16 MP: 3/3
   250 | D:1      | Reached skill level 1 in Maces & Flails
   256 | D:1      | Reached XP level 2. HP: 8/24 MP: 1/5
   777 | D:1      | Reached skill level 2 in Maces & Flails
  1352 | D:2      | Reached XP level 3. HP: 20/31 MP: 4/6
  1505 | D:2      | Learned a level 3 spell: Ozocubu's Armour
  1654 | D:2      | Found a faded altar of an unknown god.
  2148 | D:2      | Reached XP level 4. HP: 39/39 MP: 8/8
  2258 | D:2      | Reached skill level 3 in Maces & Flails
  2535 | D:3      | Learned a level 4 spell: Hailstorm
  2541 | D:3      | Noticed an ice beast
  2576 | D:3      | HP: 2/58 [ice beast (7)]
  2588 | D:3      | Killed an ice beast
  2589 | D:3      | Reached XP level 5. HP: 6/45 MP: 8/10
  3055 | D:3      | Reached skill level 4 in Maces & Flails
  3534 | D:3      | Noticed Natasha
  3553 | D:3      | Killed Natasha
  3766 | D:3      | Noticed Natasha
  3779 | D:3      | Killed Natasha
  3780 | D:3      | Reached skill level 1 in Fighting
  3780 | D:3      | Reached XP level 6. HP: 47/55 MP: 5/11
  3947 | D:3      | Noticed Natasha
  3964 | D:3      | Killed Natasha
  4211 | D:3      | Noticed Sigmund
  4215 | D:3      | Found a basalt altar of Yredelemnul.
  4226 | D:3      | Killed Sigmund
  4317 | D:3      | Found a broken altar of Ashenzari.
  4323 | D:3      | Found a sparkling altar of Nemelex Xobeh.
  4395 | D:4      | Reached skill level 5 in Maces & Flails
  4430 | D:4      | Reached XP level 7. HP: 61/66 MP: 9/13
  4522 | D:4      | Learned a level 1 spell: Sandblast
  4699 | D:4      | Killed from afar by an orc priest

Illustrated notes

Levels and vault maps discovered:
D:1:      lemuel_arrival_cross, layout_rooms, chequers_garden
D:2:      layout_basic, ebering_ecumenical_altar_sacrificial,
          lexackson_kobold_supper
D:3:      layout_loops_ring, minmay_overflow_temple_star_quad,
          hangedman_feature_mirror, chequers_serial_rivers_marsh, uniq_natasha,
          uniq_sigmund
D:4:      layout_basic, makhleb_blood_cavern_becter, st_stairs_13

Skill      XL: |  1  2  3  4  5  6  7 |
---------------+----------------------+-----
Maces & Flails | 1 2 3 4 5 |  5.2
Spellcasting   | 3 4 |  4.6
Fighting       | 1 2 3 |  3.0
Dodging        | |  1.7
Stealth        | |  1.4
Ice Magic      | |  3.6

Action                   |  1- 3 |  4- 6 |  7- 9 || total
-------------------------+-------+-------+-------++-------
Melee: Unarmed           |    14 |       |       ||    14
       Whip              |    23 |    15 |       ||    38
       Club              |    80 |   224 |    48 ||   352
       Punch             |     1 |     2 |       ||     3
 Fire: Sling             |       |    17 |     9 ||    26
 Cast: Freeze            |    21 |    19 |     8 ||    48
       Ozocubu's Armour  |     2 |     8 |     2 ||    12
       Hailstorm         |       |     2 |     1 ||     3
       Sandblast         |       |       |     6 ||     6
  Use: Scroll            |       |     5 |       ||     5
       Potion            |       |     2 |     1 ||     3
 Stab: Sleeping          |     1 |       |       ||     1
Armor: Robe              |    60 |   153 |    30 ||   243
       Skin              |       |    20 |       ||    20
Dodge: Dodged            |    67 |   134 |    28 ||   229
